Map: Polka LE

Players

MartyMcFly - Winner!

  • Race: Protoss Protoss
  • League: Diamond
  • Spawn Location: 5:00

obeyHim - Winner!

  • Race: Zerg Zerg
  • League: Diamond
  • Spawn Location: 5:00

Subwayeatn

  • Race: Zerg Zerg
  • League: Diamond
  • Spawn Location: 11:00

fiddlermcgee

  • Race: Terran Terran
  • Spawn Location: 11:00

VOD

Have the link to the VOD?

Description

Time

  • Played on: Nov. 16, 2023, 3:40 p.m.
  • Length: 17:52
Show
View Real Time Build Order
Export as new Build Order

MartyMcFly Protoss - Winner!

Build Orders: 1 Gate Expand 

Get SALT Encoding   

  12  0:00  Probe  
  13  0:13  Probe  
  14  0:23  Pylon  
  14  0:25  Probe  
  15  0:41  Probe (Chrono Boost)  
  16  0:44  Gateway  
  16  0:54  Probe (Chrono Boost)  
  17  0:57  Assimilator  
  17  1:01  Probe (Chrono Boost)  
  18  1:08  Probe  
  19  1:25  Nexus  
  19  1:27  Probe  
  20  1:35  Cybernetics Core  
  20  1:44  Pylon  
  20  1:49  Assimilator  
  20  1:52  Probe  
  21  2:04  Probe (Chrono Boost)  
  22  2:16  Pylon, Probe (Chrono Boost), Stalker  
  25  2:25  Probe (Chrono Boost)  
  25  2:26  Warp Gate  
  25  2:27  Gateway  
  26  2:31  Probe  
  27  2:38  Probe  
  27  2:43  Probe  
  29  2:50  Stalker  
  31  2:53  Probe  
  31  2:58  Robotics Facility  
  32  2:59  Probe  
  32  3:05  Probe  
  34  3:11  Probe  
  35  3:17  Probe  
  36  3:21  Shield Battery  
  36  3:24  Pylon  
  37  3:34  Probe x2, Twilight Council  
  37  3:37  Stalker  
  40  3:42  Stalker  
  40  3:46  Probe (Chrono Boost)  
  40  3:48  Probe (Chrono Boost)  
  45  3:51  Observer  
  46  3:57  Probe (Chrono Boost)  
  46  3:58  Probe (Chrono Boost)  
  46  4:02  Probe (Chrono Boost)  
  47  4:06  Probe  
  49  4:12  Probe  
  49  4:13  Immortal  
  54  4:18  Probe  
  54  4:22  Assimilator  
  55  4:24  Probe  
  55  4:28  Pylon  
  55  4:29  Stalker x2  
  55  4:30  Probe, Charge (Chrono Boost)  
  61  4:36  Probe  
  62  4:40  Assimilator  
  62  4:46  Probe  
  62  4:48  Pylon  
  62  4:49  Probe  
  64  4:56  Nexus  
  64  5:00  Pylon  
  64  5:01  Probe  
  64  5:05  Stalker  
  64  5:06  Stalker  
  69  5:16  Forge  
  69  5:17  Forge  
  69  5:19  Probe (Chrono Boost)  
  71  5:23  Probe (Chrono Boost)  
  71  5:30  Probe (Chrono Boost)  
  71  5:33  Probe (Chrono Boost)  
  71  5:34  Pylon  
  73  5:37  Stalker  
  73  5:38  Stalker  
  73  5:40  Immortal (Chrono Boost)  
  81  5:44  Robotics Bay  
  81  5:46  Probe  
  82  5:53  Protoss Ground Weapons Level 1 (Chrono Boost), Protoss Ground Armor Level 1 (Chrono Boost)  
  82  5:55  Probe  
  83  5:59  Probe (Chrono Boost)  
  83  6:02  Pylon  
  84  6:07  Robotics Facility  
  84  6:09  Probe (Chrono Boost)  
  87  6:12  Probe (Chrono Boost)  
  87  6:16  Probe (Chrono Boost)  
  87  6:18  Observer  
  88  6:20  Probe (Chrono Boost)  
  88  6:21  Probe (Chrono Boost)  
  88  6:23  Probe (Chrono Boost)  
  91  6:27  Pylon  
  91  6:28  Blink  
  91  6:29  Probe  
  91  6:31  Probe  
  93  6:36  Zealot  
  93  6:37  Zealot  
  97  6:42  Probe x2  
  97  6:45  Assimilator  
  97  6:46  Probe  
  100  6:49  Extended Thermal Lance, Assimilator  
  100  6:52  Gateway  
  100  6:54  Gateway, Probe x2  
  100  6:56  Gateway  
  102  7:03  Templar Archives  
  102  7:05  Probe  
  102  7:06  Probe x2  
  105  7:24  Zealot x2  
  105  7:25  Nexus  
  105  7:28  Pylon  
  109  7:31  Pylon  
  109  7:33  Probe x3, Assimilator  
  109  7:35  Protoss Ground Weapons Level 2 (Chrono Boost)  
  109  7:36  Protoss Ground Armor Level 2 (Chrono Boost)  
  112  7:37  Assimilator  
  112  7:41  Colossus  
  118  7:47  Pylon  
  118  7:48  Probe x3  
  118  7:50  High Templar  
  123  7:52  Zealot x4  
  123  7:55  Pylon  
  131  8:00  Probe  
  131  8:02  Gateway  
  131  8:04  Gateway, Probe x2  
  135  8:12  Probe  
  135  8:15  Colossus  
  135  8:16  Probe x2  
  143  8:20  Gateway  
  143  8:22  High Templar  
  143  8:23  High Templar  
  143  8:25  Probe  
  148  8:28  Probe x2  
  150  8:34  Gateway  
  150  8:37  Gateway, Probe  
  150  8:38  Archon  
  150  8:39  Gateway  
  151  8:54  High Templar x3  
  157  8:59  Zealot x2  
  157  9:01  Zealot x2  
  157  9:02  Archon  
  165  9:14  Colossus  
  171  9:34  Pylon  
  171  9:36  Pylon  
  171  9:43  Pylon  
  171  9:44  Gateway  
  171  9:45  Pylon  
  171  9:46  Gateway, Pylon  
  171  9:48  Gateway, Archon  
  171  9:51  Colossus, Gateway  
  171  9:52  Gateway  
  171  9:55  Gateway  
  171  9:58  Gateway  
  165  10:00  Pylon  
  165  10:04  Pylon  
  144  10:23  High Templar x7  
  144  10:26  Zealot  
  144  10:27  Zealot x3  
  166  10:29  Protoss Ground Weapons Level 3 (Chrono Boost), Protoss Ground Armor Level 3 (Chrono Boost)  
  166  10:30  Probe x4  
  170  10:41  Pylon  
  170  10:43  Pylon  
  170  10:45  Pylon  
  170  10:47  Stargate, Archon x3  
  170  10:49  Stargate  
  170  10:56  Protoss Air Weapons Level 1  
  170  11:13  Colossus x2  
  170  11:16  Stalker  
  170  11:17  Stalker x7  
  170  11:18  Stalker  
  200  11:32  Pylon  
  200  11:36  Psionic Storm  
  200  11:40  Fleet Beacon  
  200  11:47  Stargate  
  200  11:48  Cybernetics Core  
  174  12:35  Tempest x2  
  179  12:49  Tempest  
  176  13:07  Protoss Air Armor Level 1  
  176  13:08  Zealot x5  
  176  13:09  Zealot x7  
  200  13:14  Protoss Air Weapons Level 2  
  196  13:50  Pylon  
  196  13:52  Stargate  
  196  13:53  Stargate  
  182  14:04  Nexus  
  182  14:05  Nexus  
  182  14:07  Carrier x3 (Chrono Boost), Assimilator  
  182  14:08  Pylon x2, Assimilator  
  182  14:10  Pylon  
  182  14:11  Pylon  
  182  14:15  Assimilator  
  182  14:17  Assimilator  
  182  14:22  Gravitic Boosters  
  195  14:27  Observer  
  195  14:28  Pylon  
  195  14:30  Observer  
  184  14:31  Pylon, Carrier (Chrono Boost)  
  184  14:34  Unknown  
  184  14:37  Protoss Shields Level 1 (Chrono Boost)  
  180  14:40  Photon Cannon  
  180  14:41  Photon Cannon  
  180  14:43  Photon Cannon  
  185  14:48  Observer  
  185  14:53  Photon Cannon  
  185  14:56  Photon Cannon  
  185  14:59  Photon Cannon  
  185  15:02  Photon Cannon  
  185  15:04  Photon Cannon  
  185  15:05  Photon Cannon  
  185  15:08  Photon Cannon  
  185  15:09  Photon Cannon  
  185  15:10  Stalker x6  
  185  15:11  Stalker  
  185  15:12  Photon Cannon  
  199  15:16  Pylon  
  199  15:19  Pylon  
  199  15:24  Photon Cannon  
  199  15:28  Photon Cannon  
  196  16:22  Carrier  
Show
View Real Time Build Order
Export as new Build Order

obeyHim Zerg - Winner!

Build Orders: Hatch First, Lurkers 

Get SALT Encoding   

  12  0:10  Overlord  
  12  0:15  Drone  
  13  0:26  Drone  
  14  0:34  Drone x2  
  16  0:44  Drone  
  17  0:59  Drone  
  18  1:05  Drone  
  19  1:14  Hatchery  
  18  1:20  Spawning Pool  
  18  1:21  Drone  
  18  1:23  Extractor  
  17  1:29  Drone  
  18  1:37  Drone  
  18  1:39  Extractor  
  18  1:48  Drone  
  19  1:59  Drone  
  20  2:07  Queen  
  22  2:15  Roach Warren  
  21  2:16  Overlord  
  21  2:27  Drone  
  21  2:28  Drone  
  21  2:29  Queen  
  25  2:34  Zergling x2  
  26  2:42  Spine Crawler  
  26  2:43  Drone  
  26  2:44  Zergling x2  
  27  2:53  Zergling x4  
  29  3:03  Drone  
  29  3:04  Drone  
  31  3:11  Drone  
  33  3:16  Lair  
  33  3:17  Drone  
  34  3:30  Drone x2  
  36  3:35  Overlord  
  36  3:36  Hatchery  
  36  3:37  Drone  
  36  3:39  Overlord  
  36  3:46  Drone, Evolution Chamber  
  36  3:53  Queen  
  38  3:59  Drone x5  
  43  4:10  Overlord  
  43  4:11  Drone x3  
  43  4:16  Extractor  
  45  4:17  Overlord  
  45  4:22  Overseer  
  45  4:24  Glial Reconstitution  
  45  4:29  Queen  
  47  4:39  Zerg Missile Weapons Level 1  
  47  4:42  Drone  
  47  4:43  Drone x4  
  52  4:50  Roach x2  
  56  5:08  Drone x4  
  56  5:09  Drone x5  
  65  5:25  Extractor  
  64  5:30  Overlord x2  
  64  5:32  Overlord, Roach x5  
  64  5:33  Overlord  
  74  5:42  Evolution Chamber  
  73  5:45  Spore Crawler  
  72  5:50  Hatchery  
  71  6:00  Roach x4  
  79  6:08  Zerg Ground Armor Level 1  
  79  6:10  Hydralisk Den  
  78  6:37  Roach  
  78  6:38  Roach x7  
  78  6:39  Roach x6  
  106  6:41  Muscular Augments  
  106  6:51  Overlord x3  
  106  7:04  Queen  
  106  7:05  Drone x2  
  106  7:06  Drone x2  
  106  7:08  Spore Crawler  
  111  7:16  Zergling x6  
  111  7:19  Metabolic Boost  
  114  7:25  Infestation Pit  
  115  7:30  Roach x5  
  115  7:36  Drone x2  
  125  7:40  Overlord  
  125  7:43  Queen  
  127  7:44  Zerg Missile Weapons Level 2  
  127  7:48  Overlord  
  127  8:02  Hydralisk  
  127  8:03  Hydralisk x4  
  137  8:12  Hive  
  137  8:16  Lurker Den  
  136  8:31  Drone  
  136  8:32  Drone x5  
  142  8:38  Spore Crawler  
  141  8:57  Hatchery  
  141  9:02  Overlord x2  
  140  9:17  Extractor  
  140  9:18  Lurker  
  140  9:19  Lurker x4  
  140  9:20  Extractor  
  140  9:21  Hydralisk x6  
  140  9:22  Hydralisk x2  
  159  9:35  Seismic Spines  
  159  9:37  Overlord x4  
  159  9:41  Zerg Melee Weapons Level 1  
  159  9:50  Drone  
  159  9:51  Drone x4  
  164  9:59  Drone  
  165  10:00  Drone x5  
  170  10:12  Adrenal Glands  
  170  10:17  Spire  
  169  10:28  Hydralisk x4  
  171  10:32  Adaptive Talons  
  177  10:38  Hydralisk x4  
  177  10:41  Overseer  
  185  10:46  Overlord  
  185  10:47  Lurker  
  185  10:48  Lurker x2  
  188  10:52  Overlord x2  
  172  11:18  Hydralisk  
  172  11:19  Hydralisk x7  
  172  11:20  Hydralisk x4  
  162  11:31  Hydralisk  
  162  11:32  Hydralisk x3  
  150  11:40  Hydralisk  
  150  11:41  Hydralisk  
  147  11:48  Zerg Flyer Armor Level 1  
  141  11:54  Overseer, Extractor  
  141  11:55  Extractor  
  139  12:02  Drone x3  
  142  12:14  Drone  
  142  12:15  Drone x2  
  145  12:25  Pneumatized Carapace  
  145  12:28  Corruptor x5  
  145  12:29  Corruptor  
  155  12:38  Lurker  
  155  12:41  Lurker  
  139  13:12  Hydralisk x3  
  119  13:14  Hydralisk x4  
  119  13:15  Hydralisk x6  
  127  13:29  Corruptor x3  
  123  13:45  Hydralisk x2  
  123  13:46  Hydralisk x4  
  131  13:49  Zergling x2  
  131  13:50  Zergling x8  
  131  13:54  Zerg Flyer Armor Level 2  
  136  14:11  Zergling x2  
  136  14:12  Zergling x18  
  136  14:13  Zergling x20  
  136  14:14  Zergling x6  
  160  14:17  Zergling x8  
  160  14:19  Hatchery  
  162  14:24  Overlord  
  162  14:27  Zergling x2  
  162  14:28  Overseer  
  162  14:29  Overseer  
  163  14:32  Zerg Missile Weapons Level 3  
  163  14:37  Corruptor x2  
  163  14:38  Corruptor  
  162  14:58  Hydralisk  
  162  14:59  Hydralisk x6  
  154  15:14  Zergling x2  
  154  15:15  Zergling x14  
  154  15:16  Zergling x6  
  163  15:33  Lurker  
  163  15:34  Lurker  
  165  15:54  Drone x2  
  165  15:55  Drone x10  
  165  15:56  Drone x5  
  179  16:28  Extractor  
  179  16:29  Extractor, Spore Crawler  
  179  16:30  Burrow  
  176  16:33  Spine Crawler  
  175  17:03  Spine Crawler  
  175  17:06  Spore Crawler  
  173  17:10  Spine Crawler  
  173  17:11  Spine Crawler  
  173  17:12  Spine Crawler  
  196  17:32  Hatchery  
  196  17:35  Spire  
  196  17:36  Spore Crawler  
Show
View Real Time Build Order
Export as new Build Order

Subwayeatn Zerg 

Build Orders: Hatch First, Brood Lord Corruptor 

Get SALT Encoding   

  12  0:00  Drone  
  13  0:12  Overlord  
  13  0:20  Drone  
  14  0:30  Drone x2  
  16  0:51  Hatchery  
  15  1:03  Drone x3  
  18  1:06  Extractor  
  17  1:20  Spawning Pool  
  16  1:27  Drone x2  
  18  1:38  Drone  
  19  1:46  Drone  
  20  1:58  Overlord  
  20  2:13  Queen  
  22  2:30  Hatchery  
  21  2:38  Spine Crawler  
  21  2:43  Drone x6  
  26  2:55  Queen  
  28  3:00  Extractor  
  28  3:03  Lair  
  28  3:06  Overlord  
  28  3:09  Overlord  
  28  3:13  Drone x2  
  28  3:15  Drone x2  
  32  3:26  Drone x2  
  34  3:31  Queen  
  36  3:35  Drone x3  
  41  3:41  Drone x2  
  41  3:43  Drone  
  41  3:47  Queen  
  44  3:49  Drone  
  45  3:56  Drone x2  
  47  4:03  Drone x3  
  47  4:06  Queen  
  52  4:13  Extractor  
  51  4:18  Drone x7  
  58  4:28  Overlord  
  58  4:29  Overlord  
  58  4:31  Overlord  
  58  4:39  Extractor x2, Queen  
  58  4:40  Extractor  
  58  4:41  Drone  
  58  4:46  Drone x6  
  64  4:54  Metabolic Boost  
  64  5:02  Infestation Pit  
  64  5:06  Drone  
  64  5:07  Drone x2  
  64  5:08  Drone x3  
  64  5:09  Drone  
  64  5:11  Drone  
  71  5:14  Queen  
  71  5:15  Drone, Queen  
  71  5:16  Drone  
  77  5:27  Overlord x2  
  77  5:28  Overlord x3  
  77  5:30  Overseer x2  
  77  5:32  Overseer  
  77  5:34  Overlord  
  77  5:39  Hive  
  77  5:48  Drone  
  78  5:50  Extractor, Queen x2  
  78  5:56  Spire  
  80  6:00  Drone x13  
  93  6:15  Hatchery  
  92  6:52  Pneumatized Carapace  
  92  6:55  Drone  
  92  6:56  Drone x3  
  96  7:02  Spore Crawler  
  96  7:04  Hatchery  
  96  7:05  Spore Crawler  
  96  7:08  Spore Crawler x2  
  92  7:13  Greater Spire  
  91  7:16  Spore Crawler  
  91  7:19  Overlord  
  91  7:20  Overlord  
  90  7:27  Drone x7  
  90  7:28  Drone, Queen  
  100  7:56  Drone x4  
  100  7:57  Drone x3  
  107  7:59  Drone x4  
  107  8:01  Drone x3  
  107  8:02  Drone x3, Extractor x2  
  115  8:16  Overlord x6  
  115  8:18  Overseer x2  
  115  8:20  Overseer x2  
  115  8:40  Overlord x2  
  115  8:43  Corruptor  
  115  8:44  Corruptor x18  
  115  8:45  Corruptor x3  
  159  8:54  Extractor x2, Spore Crawler  
  156  8:57  Spore Crawler x2  
  156  9:02  Corruptor x4  
  162  9:16  Brood Lord  
  162  9:17  Brood Lord  
  164  9:25  Brood Lord  
  164  9:30  Brood Lord  
  168  9:34  Zergling x22  
  168  9:35  Zergling x14  
  186  9:41  Baneling Nest  
  148  10:01  Zergling x2  
  148  10:02  Zergling x16  
  125  10:25  Drone x9  
  134  10:32  Brood Lord  
  134  10:33  Brood Lord x6  
  134  10:34  Hatchery  
  147  10:36  Overlord x2, Extractor  
  147  10:38  Overseer x2  
  143  11:05  Zergling x16  
  142  11:17  Overseer  
  128  11:44  Mutalisk  
  128  11:45  Mutalisk x9  
  132  12:15  Extractor  
  132  12:18  Hatchery  
  122  12:22  Extractor  
  105  12:36  Corruptor x2  
  105  12:37  Corruptor x2  
  105  12:42  Zergling x2  
  105  12:43  Zergling x14  
  107  13:02  Zerg Flyer Weapons Level 1  
  100  13:06  Centrifugal Hooks  
  100  13:07  Zergling x12  
  100  13:08  Evolution Chamber  
  100  13:09  Evolution Chamber  
  91  13:43  Zergling x12  
  91  13:44  Zergling x12  
  101  14:08  Zerg Melee Weapons Level 1, Zerg Ground Armor Level 1  
  101  14:10  Hatchery, Ultralisk Cavern  
  101  14:14  Zergling x18  
  107  14:23  Corruptor x4  
  102  14:40  Hatchery  
  102  14:42  Extractor  
  102  14:43  Extractor  
  35  15:25  Ultralisk  
  35  15:26  Ultralisk x3  
  82  15:30  Zergling x2  
  82  15:31  Zergling x4  
  53  15:45  Ultralisk x4  
Show
View Real Time Build Order
Export as new Build Order

fiddlermcgee Terran 

Build Orders:  

Get SALT Encoding   

  12  0:00  SCV  
  13  0:18  Supply Depot, SCV  
  14  0:33  SCV  
  15  0:45  SCV  
  15  0:48  Barracks  
  16  0:57  SCV  
  17  1:05  Refinery  
  17  1:09  SCV  
  18  1:32  SCV  
  19  1:36  Supply Depot  
  19  1:44  SCV  
  20  1:56  SCV  
  21  2:07  Supply Depot  
  21  2:08  SCV  
  22  2:21  Supply Depot  
  22  2:25  Marine  
  22  2:28  Orbital Command  
  23  2:38  Command Center  
  23  2:42  Marine  
  24  3:00  Marine  
  25  3:18  Marine  
  26  3:38  Barracks Reactor  
  26  3:52  Engineering Bay  
  26  3:54  Refinery, SCV  
  27  4:03  SCV  
  27  4:06  SCV  
  29  4:15  SCV  
  30  4:19  Refinery, SCV  
  31  4:27  SCV  
  31  4:31  SCV  
  33  4:35  Barracks  
  33  4:39  SCV  
  33  4:43  SCV  
  35  4:46  Marine x2  
  35  4:51  SCV  
  38  4:55  SCV  
  39  5:03  SCV  
  39  5:04  Marine x2  
  42  5:07  SCV  
  43  5:15  SCV  
  43  5:19  SCV  
  45  5:21  Marine  
  45  5:22  Marine, Factory  
  45  5:27  SCV  
  48  5:31  SCV  
  49  5:36  Barracks Tech Lab  
  49  5:43  SCV  
  50  5:55  SCV  
  51  6:03  Marine x2  
  53  6:16  Stimpack  
  53  6:21  Marine x2  
  53  6:22  Marauder  
  57  6:32  SCV  
  58  6:38  Marine  
  58  6:39  Marine  
  60  6:43  Marauder  
  60  6:44  SCV  
  60  6:46  Refinery  
  63  6:56  Marine x2, SCV  
  66  7:05  Marauder  
  68  7:09  Factory Tech Lab  
  68  7:14  Marine x2  
  70  7:21  Orbital Command  
  70  7:44  Command Center  
  70  7:55  Combat Shield  
  70  8:05  Marine x2, Siege Tank  
  77  8:06  Marauder  
  77  8:16  Supply Depot  
  77  8:20  Supply Depot  
  77  8:23  Marine x2  
  81  8:27  Marauder  
  81  8:34  Terran Infantry Weapons Level 1  
  81  8:37  Siege Tank  
  81  8:40  Supply Depot  
  81  8:41  Marine x2  
  86  8:44  Supply Depot  
  86  8:48  Marine  
  86  8:58  Marine x2  
  88  9:03  Supply Depot  
  88  9:06  Marauder  
  88  9:07  Supply Depot  
  88  9:09  Siege Tank  
  93  9:14  Concussive Shells  
  93  9:16  Marine x2  
  95  9:28  Marauder, Supply Depot  
  97  9:32  Supply Depot  
  97  9:42  Siege Tank  
  100  9:49  Marauder  
  102  10:14  Siege Tank  
  105  10:29  Terran Infantry Armor Level 1  
  105  10:46  Cyclone  
  107  11:18  Siege Tank  
  63  11:48  Marauder  
  63  11:49  Reaper  
  63  11:50  Marine, Siege Tank  
  67  12:06  Command Center  
  67  12:08  Marine  
  68  12:09  Marauder  
  70  12:18  Barracks  
  70  12:21  Marine  
  70  12:22  Siege Tank  
  74  12:26  Marine  
  74  12:31  Marauder  
  74  12:38  Marine  
  74  12:43  Marine  
  76  12:52  Marauder  
  76  12:54  Siege Tank  
  76  12:56  Marine  
  76  13:00  SCV  
  76  13:01  Marine  
  78  13:07  Barracks  
  78  13:12  SCV  
  66  13:13  Marauder  
  66  13:14  Marine  
  66  13:19  Marine  
  59  13:24  SCV  
  59  13:26  Siege Tank  
  58  13:28  Marine  
  58  13:32  Marine  
  59  13:35  Marauder  
  59  13:36  SCV  
  59  13:37  Marine  
  63  13:45  Marine  
  64  13:52  Marine  
  64  13:54  Marine  
  64  13:55  Marine  
  67  13:56  Marauder  
  67  13:58  Siege Tank  
  72  14:03  Marine  
  70  14:10  Marine  
  70  14:12  Marine  
  70  14:18  Marauder  
  70  14:21  Marine  
  70  14:27  Marine  
  70  14:30  Marine, Siege Tank  
  71  14:39  Marauder  
  71  14:44  Barracks  
  74  14:45  Marine  
  74  14:47  Barracks Reactor  
  74  14:48  Marine  
  71  15:00  Marauder  
  71  15:03  Siege Tank  
  45  15:16  Marine  
  45  15:17  Marine  
  44  15:22  Marauder  
  44  15:25  Marine x2  
  48  15:34  Barracks, Marine x2  
  48  15:35  Siege Tank  
  53  15:43  Marauder, Marine x2  
  57  15:52  Marine x2  
  57  15:53  Barracks Reactor  
  59  16:01  Marine x2  
  61  16:04  Marauder  
  61  16:07  Siege Tank  
  61  16:10  Marine x2  
  68  16:19  Marine x2  
  67  16:26  Marauder  
  67  16:27  Marine  
  67  16:28  Marine  
  67  16:30  Barracks Reactor  
  67  16:32  Factory  
  71  16:37  Marine x2  
  71  16:39  Factory, Siege Tank  
  54  16:47  Marine  
  46  16:54  Marine x2  
  32  17:12  Marine x2  
Tags
 
Add a new tag
Caveats
  • Supply blocks, unpowered buildings, or Contaminate may cause inaccurate times.
  • Supply counts are checked every 10 seconds.